 Dungeon Crawl Stone Soup version 0.28-a0-2-g643f2454ad (webtiles) character file.

Game seed: 10672292616872528976

1409 angelsbits the Covered (level 8, -2/49 HPs)
             Began as a Gargoyle Berserker on July 22, 2021.
             Was a Believer of Trog.
             Shot with a sling bullet by Joseph (10 damage)
             ... on level 7 of the Dungeon.
             The game lasted 00:22:55 (9454 turns).

angelsbits the Covered (Gargoyle Berserker)         Turns: 9454, Time: 00:22:56

Health: -2/49      AC: 15    Str: 22 (24) XL:     8   Next: 70%
Magic:  8/8        EV: 10    Int:  6 (7)  God:    Trog [**....]
Gold:   441        SH:  0    Dex:  6 (9)  Spells: 7/7 levels left

rFire   . . .      SeeInvis .   r - +0 dire flail (venom)
rCold   . . .      Faith    .   (shield currently unavailable)
rNeg    + . .      Spirit   .   n - +1 scale mail
rPois   ∞          Reflect  .   (no helmet)
rElec   +          Harm     .   (no cloak)
rCorr   .          Rampage  .   (no gloves)
Will    .....                   c - +0 pair of boots
Stlth   ..........              (no amulet)
HPRegen 0.16/turn               (no ring)
MPRegen 0.11/turn               (no ring)

@: confused, ambrosia-drunk, on berserk cooldown, slowed, very slow
A: sickness immunity, AC +5, negative energy resistance 1, electricity
resistance, torment resistance 1, petrification resistance
a: Renounce Religion, Berserk, Trog's Hand


You were on level 7 of the Dungeon.
You worshipped Trog.
Trog was pleased with you.
You visited 1 branch of the dungeon, and saw 7 of its levels.

You collected 441 gold pieces.

Inventory:

Hand Weapons
 g - a +1 short sword of flaming
 m - a +0 hand axe
 r - a +0 dire flail of venom (weapon)
 v - a +0 flail
 w - a +0 dagger of venom
 x - a +2 flail of protection
Missiles
 d - 51 bolts
 f - 245 stones (quivered)
Armour
 b - a +0 animal skin
 c - a +0 pair of boots (worn)
 e - a +0 robe
 n - a +1 scale mail (worn)
 q - a +0 chain mail
Jewellery
 h - a ring of see invisible
Wands
 j - a wand of iceblast (25)
Scrolls
 i - 2 scrolls of teleportation
 t - a scroll of identify
Potions
 a - a potion of lignification {unknown}
 o - a potion of mutation {unknown}
 p - 3 potions of attraction
 s - a potion of degeneration
 u - a potion of invisibility {unknown}


   Skills:
 + Level 5.3 Fighting
 + Level 2.5 Short Blades
 + Level 5.1(5.7) Axes
 + Level 4.0(5.4) Maces & Flails
 + Level 5.9 Armour
 + Level 3.0 Dodging
 + Level 2.2 Stealth


You had 7 spell levels left.
You didn't know any spells.
Your spell library was empty.

Dungeon Overview and Level Annotations

Branches:
Dungeon (7/15)             Temple (0/1) D:5

Altars:
Elyvilon
Fedhas
Gozag
Nemelex Xobeh
Okawaru
Zin

Annotations:
D:7 Joseph, Prince Ribbit


Innate Abilities, Weirdness & Mutations

You are immune to sickness and miasma.
Your stone body is resilient. (AC +5)
You are immune to poison.
You resist negative energy. (rN+)
You are resistant to electric shocks. (rElec)
You are resistant to unholy torment.
You are immune to petrification.


Message History

Prince Ribbit blinks!
Joseph hits you but does no damage.
The killer bee stings you but does no damage.
The killer bee barely misses you.
Prince Ribbit hits you but does no damage.
The killer bee barely misses you. Joseph hits you but does no damage.
Prince Ribbit blinks!
The killer bee stings you but does no damage.
The killer bee closely misses you.
The killer bee stings you but does no damage. x2
Joseph unwields a +0 quarterstaff.
Joseph wields a +0 hunting sling.
Joseph shoots a sling bullet.
The sling bullet hits you! The killer bee closely misses you.
The killer bee barely misses you.
Prince Ribbit blinks!
The killer bee stings you.
Joseph shouts, "At last, some action!"
Prince Ribbit blinks!
The killer bee stings you but does no damage.
The killer bee stings you.
The killer bee stings you but does no damage.
The killer bee barely misses you.
Joseph shoots a sling bullet.
The sling bullet hits you.
It was a potion of degeneration.
There was something very wrong with that liquid.
You feel weakened.
You feel dopey.
You feel clumsy. The killer bee stings you.
* * * LOW HITPOINT WARNING * * *
Prince Ribbit says, "You're just another fly to me."
The killer bee stings you.
* * * LOW HITPOINT WARNING * * *
Joseph shoots a sling bullet.
The sling bullet misses you.
The killer bee stings you but does no damage.
It was a potion of ambrosia.
You are confused.
You feel invigorated. The killer bee closely misses you.
The killer bee stings you.
Joseph shoots a sling bullet.
The sling bullet hits you!
* * * LOW HITPOINT WARNING * * *
The killer bee stings you but does no damage.
Joseph shoots a sling bullet.
The sling bullet hits you!
You die...

#†###.#####. #. #.#..#
#........... #. #.....
#..†#....... ..###.#..#
......##...#### #.#...#..#
$##### ##..# #.#...#..# #..#
#.#...#... #.F# #....>..#.
#@y###########..#...
###########..@................
#.........[..###########..####
#.############ #..###. #.#
#..##). #.# #...... #.#
#.###.. #.# #.# ##.
##.########### ####.## ##
#............# ##.....####


You could see Joseph (very poisoned), Prince Ribbit and a killer bee.

Vanquished Creatures
  Edmund (D:5)
  A water moccasin (D:6)
  Duvessa (D:5)
  A black bear (D:6)
  An ogre (D:6)
  A scorpion (D:2)
  A wyvern zombie (D:7)
  Dowan (D:5)
  A water moccasin zombie (D:5)
  2 killer bees (D:7)
  A bullfrog zombie (D:6)
  A jelly (D:5)
  A gnoll shaman (D:6)
  3 hounds
  5 iguanas
  A scorpion zombie (D:3)
  An orc wizard (D:6)
  A hound skeleton (D:4)
  3 gnolls (D:6)
  A howler monkey zombie (D:5)
  8 adders
  A howler monkey skeleton (D:4)
  A white imp (D:6)
  An ufetubus (D:5)
  A worm (D:2)
  A dart slug (D:2)
  7 orcs
  6 ball pythons
  6 endoplasms
  4 giant cockroaches
  5 goblins
  3 hobgoblins
  9 jackals
  5 quokkas
  10 bats
  3 frilled lizards
  6 kobolds
  8 rats
114 creatures vanquished.

Notes
Turn   | Place    | Note
-------+----------+-------------------------------------------
     0 | D:1      | angelsbits the Gargoyle Berserker began the quest for the
                  | Orb.
     0 | D:1      | Reached XP level 1. HP: 14/14 MP: 1/1
   427 | D:1      | Reached XP level 2. HP: 19/19 MP: 2/2
  1029 | D:1      | Reached XP level 3. HP: 24/24 MP: 3/3
  1458 | D:2      | Reached ** piety under Trog
  1522 | D:2      | Noticed a scorpion
  1531 | D:2      | Killed a scorpion
  1532 | D:2      | Reached skill level 1 in Stealth
  1532 | D:2      | Reached XP level 4. HP: 3/29 MP: 4/4
  2418 | D:2      | Reached XP level 5. HP: 33/33 MP: 5/5
  3254 | D:3      | Found a white marble altar of Elyvilon.
  3865 | D:3      | Found a sparkling altar of Nemelex Xobeh.
  3917 | D:3      | Found a glowing silver altar of Zin.
  3940 | D:3      | Found a faded altar of an unknown god.
  4502 | D:4      | Found an iron altar of Okawaru.
  4668 | D:4      | Reached XP level 6. HP: 38/38 MP: 6/6
  5134 | D:5      | Entered Level 5 of the Dungeon
  5453 | D:5      | Found a blossoming altar of Fedhas.
  5485 | D:5      | Noticed Duvessa
  5502 | D:5      | Noticed Dowan
  5509 | D:5      | Killed Duvessa
  5549 | D:5      | Killed Dowan
  5550 | D:5      | Reached skill level 5 in Axes
  6232 | D:5      | Found a staircase to the Ecumenical Temple.
  6320 | D:5      | Reached XP level 7. HP: 28/44 MP: 7/7
  6654 | D:5      | Reached skill level 1 in Short Blades
  6689 | D:5      | Found an opulent altar of Gozag.
  6739 | D:5      | Noticed Edmund
  6751 | D:5      | Killed Edmund
  7490 | D:6      | Reached skill level 5 in Armour
  7756 | D:6      | Reached XP level 8. HP: 48/48 MP: 8/8
  7762 | D:6      | Reached skill level 1 in Maces & Flails
  7964 | D:6      | Reached skill level 5 in Fighting
  9413 | D:7      | Noticed Joseph
  9418 | D:7      | Noticed Prince Ribbit
  9454 | D:7      | Shot with a sling bullet by Joseph

Illustrated notes

Levels and vault maps discovered:
D:1:      tarquinn_simple_flora_water_d, layout_loops_cross,
          columned_hall_lemuel
D:2:      minmay_door_path, layout_loops_corners, kennysheep_generic_room_5
D:3:      layout_rooms, lemuel_crystal_altar, elyvilon_altar_5, zin_treasury,
          ebering_ecumenical_altar_abandoned
D:4:      layout_basic, mainiacjoe_overflow_catwalk, chequers_jeans,
          minmay_small_thing
D:5:      layout_basic, nicolae_gozag_cash_rules_everything_around_me,
          old_standard_altar, minmay_temple_entry_gardened_gates, uniq_duvessa,
          uniq_edmund
D:6:      layout_basic
D:7:      layout_loops_ring, solitary_fountain, uniq_joseph,
          uniq_prince_ribbit1, uniq_crazy_yiuf_cottage

Skill      XL: |  1  2  3  4  5  6  7  8 |
---------------+-------------------------+-----
Axes           | 3 4 5 |  5.1
Fighting       | 4 5 |  5.3
Dodging        | 2 3 |  3.0
Stealth        | 1 2 |  2.2
Armour         | 3 5 |  5.9
Short Blades   | 2 |  2.5
Maces & Flails | 4 |  4.0

Action                   |  1- 3 |  4- 6 |  7- 9 || total
-------------------------+-------+-------+-------++-------
Melee: Hand axe          |    91 |   194 |       ||   285
       Short sword       |       |    47 |    30 ||    77
       Dire flail        |       |       |   139 ||   139
Invok: Berserk           |     1 |     3 |     6 ||    10
       Trog's Hand       |       |     1 |     1 ||     2
  Use: Scroll            |     1 |     9 |       ||    10
       Potion            |     1 |     4 |     4 ||     9
 Stab: Sleeping          |     1 |       |       ||     1
Armor: Animal skin       |    33 |     3 |       ||    36
       Scale mail        |       |   170 |   160 ||   330
Dodge: Dodged            |    71 |   159 |   144 ||   374

Table legend: (Time is in decaauts)
 A = Elapsed time spent in this place.
 B = Non-inter-level travel time spent in this place.
 C = Inter-level travel time spent in this place.
 D = Time resting spent in this place.
 E = Time spent auto-exploring this place.
 F = Levels seen in this place.
 G = Mean time per level.
                   A        B        C        D        E       F      G
               +--------+--------+--------+--------+--------+-----+--------+
         Total |   9595 |   7996 |   1599 |   4146 |   2783 |   7 | 1370.7 |
       Dungeon |   9595 |   7996 |   1599 |   4146 |   2783 |   7 | 1370.7 |
               +--------+--------+--------+--------+--------+-----+--------+

Top non-repeatable levels by time:
     D:5: 2355 daAuts
     D:2: 1793 daAuts
     D:6: 1722 daAuts
     D:1: 1402 daAuts
     D:3: 1267 daAuts
     D:4: 731 daAuts
     D:7: 322 daAuts
